Map: Blackpink LE

Players

Hurricane

  • Race: Protoss Protoss
  • Spawn Location: 1:00

Solar - Winner!

  • Race: Zerg Zerg
  • Spawn Location: 7:00

Event: IEM Season 12 - Katowice

VOD

Have the link to the VOD?

Description

Time

  • Played on: March 1, 2018, 3:19 p.m.
  • Length: 13:32

All games in this series

Show
View Real Time Build Order
Export as new Build Order

Hurricane Protoss 

Build Orders: 1 Gate Expand, Oracle Opening, Phoenix Opening, Archon Immortal, Zealot Archon 

Get SALT Encoding   

  12  0:00  Probe  
  13  0:12  Probe  
  14  0:19  Pylon  
  14  0:24  Probe (Chrono Boost)  
  15  0:37  Probe (Chrono Boost)  
  15  0:38  Gateway  
  16  0:45  Probe (Chrono Boost)  
  16  0:49  Assimilator  
  17  0:51  Probe  
  18  1:03  Probe  
  19  1:15  Probe  
  20  1:25  Nexus  
  20  1:34  Cybernetics Core  
  20  1:37  Probe  
  21  1:44  Assimilator  
  21  1:49  Probe  
  22  1:54  Pylon  
  22  2:01  Probe  
  23  2:11  Adept (Chrono Boost)  
  23  2:13  Probe  
  26  2:17  Stargate  
  26  2:26  Probe (Chrono Boost)  
  26  2:27  Warp Gate  
  27  2:31  Adept (Chrono Boost)  
  30  2:37  Probe (Chrono Boost)  
  30  2:44  Probe (Chrono Boost)  
  31  2:46  Probe (Chrono Boost)  
  31  2:49  Adept (Chrono Boost)  
  31  2:50  Probe (Chrono Boost)  
  35  2:51  Probe (Chrono Boost)  
  36  3:01  Phoenix  
  36  3:04  Probe x2  
  40  3:16  Probe  
  40  3:17  Adept  
  40  3:18  Probe  
  40  3:19  Pylon  
  44  3:27  Gateway  
  44  3:29  Probe  
  44  3:31  Probe  
  46  3:37  Twilight Council  
  46  3:41  Probe  
  47  3:43  Probe  
  48  3:54  Oracle  
  52  3:55  Probe  
  52  3:57  Gateway  
  52  4:02  Probe  
  53  4:08  Pylon  
  54  4:10  Probe, Assimilator  
  54  4:11  Pylon  
  54  4:20  Resonating Glaives (Chrono Boost)  
  54  4:26  Probe  
  55  4:37  Probe  
  56  4:38  Probe  
  56  4:41  Adept x2  
  56  4:49  Probe  
  57  4:54  Robotics Facility  
  57  4:57  Pylon, Nexus  
  57  4:58  Pylon  
  58  5:04  Adept x2  
  58  5:05  Adept  
  58  5:06  Probe x2  
  65  5:13  Assimilator  
  65  5:18  Probe  
  66  5:23  Probe  
  66  5:25  Pylon  
  67  5:30  Probe  
  66  5:47  Immortal (Chrono Boost)  
  66  5:48  Probe x2  
  66  5:49  Robotics Facility  
  66  5:55  Sentry x2  
  66  5:56  Sentry  
  68  5:58  Gateway  
  68  6:00  Probe, Gateway  
  68  6:01  Gateway x2  
  69  6:08  Dark Shrine  
  69  6:11  Gateway  
  69  6:16  Immortal (Chrono Boost)  
  73  6:19  Adept x2  
  73  6:21  Adept  
  78  6:34  Charge  
  78  6:37  Forge  
  78  6:40  Pylon x3  
  78  6:55  Immortal (Chrono Boost), Warp Prism (Chrono Boost)  
  78  7:00  Shield Battery  
  84  7:01  Pylon  
  84  7:07  Zealot x3  
  90  7:09  Protoss Ground Weapons Level 1 (Chrono Boost)  
  90  7:12  Pylon  
  90  7:21  Stalker x2  
  94  7:26  Observer  
  95  7:34  Nexus  
  95  7:36  Pylon  
  95  7:38  Colossus  
  95  7:44  Templar Archives  
  95  7:46  Zealot  
  97  7:52  Dark Templar x2  
  97  7:56  Archon  
  101  8:02  Zealot x4  
  109  8:07  Zealot  
  109  8:08  Zealot  
  111  8:21  Photon Cannon, Shield Battery  
  111  8:27  Dark Templar x2  
  111  8:28  Dark Templar x2  
  111  8:33  Archon x2  
  119  8:42  Warp Prism  
  119  8:46  Zealot x2  
  119  8:47  Zealot x2  
  102  9:03  Zealot x3  
  102  9:04  Zealot  
  88  9:23  Probe  
  87  9:24  Immortal x2  
  91  9:31  Assimilator  
  91  9:33  Assimilator  
  91  9:34  Phoenix (Chrono Boost)  
  93  9:42  Sentry, High Templar x2  
  97  9:47  Probe x3  
  97  9:50  Photon Cannon  
  97  9:52  Archon, Psionic Storm  
  100  9:53  Pylon  
  100  9:57  Protoss Ground Weapons Level 2  
  100  10:04  Probe x2  
  100  10:07  Pylon  
  103  10:09  Dark Templar  
  103  10:13  Adept x2  
  108  10:28  High Templar  
  110  10:49  Immortal x2 (Chrono Boost)  
  114  10:50  High Templar  
  114  10:55  High Templar  
  118  11:11  High Templar  
  120  11:17  High Templar  
  120  11:18  Zealot x3  
  124  11:21  Photon Cannon  
  124  11:22  Nexus  
  124  11:23  Shield Battery  
  124  11:24  Pylon  
  124  11:25  Immortal x2 (Chrono Boost)  
  126  11:27  Pylon  
  134  11:38  High Templar  
  136  11:43  Photon Cannon  
  136  11:45  Photon Cannon  
  134  11:49  Dark Templar x2  
  134  11:54  Archon  
  138  11:57  Dark Templar  
  103  12:08  Archon  
  103  12:10  Zealot  
  103  12:11  Zealot x3, Immortal (Chrono Boost)  
  103  12:14  Zealot  
  108  12:22  Archon  
  108  12:23  Immortal (Chrono Boost), High Templar  
  108  12:24  Zealot  
  108  12:28  Archon  
  114  12:32  High Templar  
  114  12:34  Zealot x5  
  124  12:42  Immortal  
  108  12:46  High Templar  
  96  12:54  Zealot  
  96  12:56  Archon  
  96  12:57  Zealot x2  
  96  12:58  Zealot x3  
  84  13:06  Zealot  
  74  13:15  Zealot  
  74  13:17  Zealot  
  74  13:18  Zealot x4  
  74  13:19  Dark Templar  
  65  13:27  Zealot  
Show
View Real Time Build Order
Export as new Build Order

Solar Zerg - Winner!

Build Orders: Hatch First 

Get SALT Encoding   

  12  0:01  Drone  
  13  0:12  Overlord  
  13  0:17  Drone  
  14  0:30  Drone x2  
  14  0:34  Drone  
  17  0:50  Hatchery  
  17  0:54  Drone  
  17  0:57  Drone  
  18  1:04  Extractor  
  17  1:13  Spawning Pool  
  17  1:16  Drone  
  17  1:18  Drone  
  18  1:28  Drone  
  19  1:48  Drone  
  19  1:50  Hatchery  
  19  2:03  Queen  
  19  2:05  Drone  
  19  2:08  Metabolic Boost  
  22  2:11  Drone  
  22  2:14  Drone  
  24  2:17  Drone  
  25  2:24  Overlord  
  25  2:30  Queen  
  25  2:33  Drone  
  28  2:42  Drone  
  28  2:43  Drone, Zergling x2  
  32  2:44  Zergling x2  
  32  2:46  Drone  
  33  2:54  Drone  
  34  2:59  Drone  
  34  3:02  Queen  
  34  3:03  Drone  
  34  3:05  Zergling x2  
  39  3:09  Overlord  
  39  3:11  Drone x2  
  41  3:13  Drone  
  42  3:20  Overlord  
  42  3:27  Zergling x4  
  42  3:28  Drone x2  
  42  3:32  Overlord  
  46  3:35  Drone  
  46  3:37  Overlord  
  47  3:42  Queen  
  47  3:43  Drone  
  47  3:46  Roach Warren  
  47  3:47  Drone  
  50  3:52  Zergling x8  
  54  3:55  Overlord  
  54  3:57  Drone  
  55  4:04  Drone x2  
  55  4:07  Spore Crawler  
  55  4:08  Spore Crawler  
  55  4:09  Drone  
  56  4:10  Extractor x2  
  56  4:13  Overlord  
  56  4:14  Drone  
  56  4:16  Drone  
  56  4:19  Overlord  
  56  4:26  Drone, Overlord  
  55  4:35  Overlord  
  55  4:37  Drone  
  56  4:40  Roach  
  56  4:41  Roach x5  
  67  4:49  Queen  
  67  4:50  Spore Crawler  
  67  4:52  Drone x2  
  69  4:54  Drone  
  69  4:57  Roach  
  72  5:01  Roach  
  72  5:04  Roach  
  76  5:07  Roach x2  
  76  5:09  Drone  
  76  5:12  Roach  
  83  5:19  Lair  
  83  5:21  Drone x2  
  84  5:27  Zergling x8  
  84  5:28  Zergling x4  
  90  5:33  Drone x2  
  92  5:36  Drone  
  92  5:38  Drone  
  92  5:39  Drone  
  92  5:42  Drone x2  
  95  5:43  Drone x2  
  95  5:47  Drone x2  
  95  5:49  Drone  
  99  5:53  Zergling x6  
  101  5:59  Drone  
  101  6:00  Drone, Extractor  
  101  6:01  Evolution Chamber, Zergling x2  
  101  6:02  Overlord  
  102  6:04  Drone  
  102  6:05  Drone  
  102  6:08  Overlord  
  102  6:10  Overlord  
  104  6:13  Overlord  
  104  6:14  Ravager  
  104  6:16  Overlord  
  105  6:19  Glial Reconstitution  
  105  6:21  Extractor  
  104  6:26  Zergling x12  
  104  6:31  Spire  
  104  6:33  Drone x2, Overseer  
  104  6:34  Drone  
  104  6:36  Drone  
  104  6:39  Drone, Zerg Melee Weapons Level 1  
  108  6:42  Drone x2  
  108  6:44  Drone x2  
  114  6:47  Drone x2, Extractor  
  114  6:48  Ravager  
  114  6:49  Drone, Ravager  
  114  6:52  Overlord  
  116  6:56  Zergling x4  
  116  7:00  Zergling x6  
  121  7:01  Overlord  
  121  7:04  Overlord  
  121  7:06  Overlord  
  121  7:11  Roach x3  
  126  7:20  Overlord  
  126  7:26  Overlord  
  126  7:28  Overlord  
  126  7:34  Hatchery  
  124  7:40  Overlord  
  124  7:45  Mutalisk x9  
  124  7:48  Zergling x6  
  124  7:50  Zergling x2  
  124  7:51  Zergling x2  
  146  7:55  Drone  
  146  7:56  Zerg Flyer Weapons Level 1  
  146  7:57  Mutalisk  
  149  8:02  Mutalisk  
  149  8:03  Extractor  
  150  8:06  Mutalisk  
  150  8:07  Extractor  
  150  8:09  Overlord  
  150  8:10  Overlord  
  151  8:13  Mutalisk  
  151  8:16  Mutalisk  
  151  8:18  Drone x3  
  158  8:20  Zergling x6  
  158  8:23  Roach  
  158  8:25  Roach  
  163  8:27  Roach  
  163  8:28  Roach  
  163  8:33  Ravager  
  166  8:36  Roach x2  
  166  8:38  Roach x3  
  174  8:42  Roach x2  
  174  8:43  Zergling x2  
  174  8:47  Ravager  
  174  8:48  Roach  
  180  8:51  Roach x2  
  180  8:52  Roach  
  173  8:58  Roach x3  
  173  8:59  Roach  
  147  9:03  Roach  
  147  9:08  Zergling x2  
  131  9:11  Roach x2  
  121  9:19  Ravager x3, Zergling x2  
  121  9:20  Zergling x2  
  121  9:28  Hatchery  
  121  9:29  Zergling x2  
  121  9:30  Zergling x2  
  122  9:36  Roach x2  
  122  9:37  Roach  
  128  9:39  Zerg Missile Weapons Level 1  
  128  9:41  Overseer  
  128  9:47  Roach x3  
  128  9:52  Roach  
  138  9:53  Roach x3  
  138  9:55  Ravager x2  
  138  9:56  Ravager  
  138  9:58  Roach x4, Baneling Nest  
  152  10:04  Zergling x2  
  152  10:05  Zergling x6  
  154  10:10  Zergling x4  
  156  10:16  Zergling x2  
  156  10:20  Zergling x4  
  156  10:21  Zergling x6  
  160  10:27  Zergling x6  
  163  10:31  Zergling x4  
  163  10:32  Zergling x6  
  168  10:36  Mutalisk  
  168  10:40  Centrifical Hooks  
  168  10:43  Zergling x4  
  168  10:46  Zergling x4  
  171  10:52  Ravager  
  171  10:53  Ravager x3  
  171  10:54  Zergling x8  
  179  10:58  Baneling x5  
  179  10:59  Baneling x3  
  179  11:03  Overseer  
  178  11:04  Overseer  
  178  11:08  Zergling x2  
  178  11:09  Zergling x4  
  181  11:15  Zergling x4  
  181  11:16  Zergling x6  
  186  11:20  Zergling x2  
  186  11:21  Zergling x6  
  186  11:24  Zergling x6  
  193  11:36  Baneling x11  
  193  11:37  Baneling x4  
  193  11:40  Zergling x10  
  193  11:42  Ravager x2  
  193  11:43  Baneling x2  
  193  11:44  Baneling  
  193  11:45  Zergling x4  
  200  11:47  Baneling x2  
  200  11:52  Zergling x2  
  186  12:05  Zergling x6  
  186  12:06  Zergling x2  
  186  12:07  Zergling x2  
  169  12:10  Baneling x11  
  169  12:11  Ravager  
  169  12:14  Zergling x2  
  169  12:15  Zergling x4  
  167  12:18  Zergling x2  
  167  12:20  Zergling x2  
  161  12:27  Zergling x12  
  161  12:28  Zergling x14  
  170  12:32  Zergling x4  
  170  12:34  Zergling x6  
  175  12:37  Zergling x2  
  150  12:44  Zergling x2  
  150  12:45  Zergling x2  
  150  12:46  Zergling x2  
  150  12:49  Zergling x2  
  142  12:51  Zergling x2  
  142  12:52  Zergling x4  
  142  12:57  Zergling x2  
  136  13:01  Roach x2  
  136  13:02  Roach x2, Zergling x10  
  136  13:04  Zergling x2  
  140  13:08  Roach x2  
  140  13:10  Roach  
  134  13:13  Zergling x4  
  134  13:14  Zergling x2  

Tags
 
Add a new tag
Caveats
  • Supply blocks, unpowered buildings, or Contaminate may cause inaccurate times.
  • Supply counts are checked every 10 seconds.